 Dungeon Crawl Stone Soup version 0.31-a0-1467-g53b6572822 (webtiles) character file.

Game seed: 15010812234513610037

126 MisterFreud the Trooper (level 4, 0/40 HPs)
             Began as a Draconian Shapeshifter on Dec 28, 2023.
             Incinerated by a bombardier beetle (5 damage)
             ... with a burning spray
             ... on level 3 of the Dungeon.
             The game lasted 00:03:00 (1665 turns).

MisterFreud the Trooper (Draconian Shapeshifter)    Turns: 1665, Time: 00:03:01

Health: 0/40       AC:  5    Str: 16    XL:     4   Next: 83%
Magic:  4/4        EV: 12    Int: 11    God:
Gold:   70         SH:  0    Dex: 12    Spells: 3/3 levels left

rFire   . .          .
                       - Unarmed
rCold   . . .        (no shield)
rNeg    . . .        (body armour unavailable)
rPois   .            (helmet currently unavailable)
rElec   .            (cloak currently unavailable)
rCorr   .            (gloves currently unavailable)
SInv    .            (boots currently unavailable)
Will    .....        (no amulet)
Stlth   +            (no ring)
HPRegen 0.26/turn    (no ring)
MPRegen 0.09/turn

%: no passive effects
@: brilliant, on fire, beast-form, glowing
A: beast (slay +1), AC +5, unfitting armour, cold-blooded
a: Begin Untransformation


You were on level 3 of the Dungeon.
You were a hulking beast.
You visited 1 branch of the dungeon, and saw 3 of its levels.

You collected 70 gold pieces.

Inventory:

Talismans
 b - a beast talisman
 c - a flux talisman
 i - a serpent talisman
Wands
 g - a wand of flame (14)
 k - a wand of paralysis (8)
Potions
 a - a potion of lignification
 d - 2 potions of cancellation
 f - a potion of degeneration {unknown}
 h - a potion of curing {unknown}
 j - a potion of berserk rage {unknown}


   Skills:
 - Level 4.0 Fighting
 - Level 1.7 Dodging
 + Level 3.8 Unarmed Combat
 * Level 3.4 Shapeshifting


You had 3 spell levels left.
You didn't know any spells.
Your spell library contained the following spells:

 Spells                   Type           Power      Damage    Failure   Level
 Necrotise                Necr           0%         1d4       34%         1
 Summon Small Mammal      Summ           0%         N/A       34%         1
 Vampiric Draining        Necr           0%         2d6       71%         3
 Martyr's Knell           Necr/Summ      0%         N/A       98%         4
 Curse of Agony           Necr           0%         N/A       100%        5
 Chain Lightning          Conj/Air       0%         N/A       100%        9
 Fire Storm               Conj/Fire      0%         5d1       100%        9
 Shatter                  Erth           0%         3d5*      100%        9


Dungeon Overview and Level Annotations

Branches:
Dungeon (3/15)

Altars:
Okawaru


Innate Abilities, Weirdness & Mutations

You are a hulking beast.
Your limbs bulge with bestial killing power. (Slay +1)
Your plain brown scales are hard. (AC +5)
You cannot fit into any form of body armour.
You are cold-blooded and may be slowed by cold attacks.


Message History

The liquid fire burns you!
The bombardier beetle barely misses you.
You hit the bombardier beetle but do no damage.
The bombardier beetle is severely wounded.
The liquid fire burns you!
You hit the bombardier beetle but do no damage.
The bombardier beetle is severely wounded.
The liquid fire burns you!
The bombardier beetle closely misses you.
You hit the bombardier beetle.
You tail-slap the bombardier beetle, but do no damage.
The bombardier beetle is severely wounded.
The liquid fire burns you!
The bombardier beetle barely misses you.
You hit the bombardier beetle. You punch the bombardier beetle.
The bombardier beetle is almost dead.
The liquid fire burns you!
You hit the bombardier beetle but do no damage.
The bombardier beetle is almost dead.
The liquid fire burns you!
The bombardier beetle sprays incendiary fluid at you.
The burning spray hits you.
You are even more covered in liquid fire!
You hit the bombardier beetle but do no damage.
The bombardier beetle is almost dead.
The liquid fire burns you!
* * * LOW HITPOINT WARNING * * *
You completely miss the bombardier beetle.
The bombardier beetle is almost dead.
The liquid fire burns you!
* * * LOW HITPOINT WARNING * * *
The bombardier beetle closely misses you.
You barely miss the bombardier beetle. You punch the bombardier beetle.
You kill the bombardier beetle!
The liquid fire burns you!
* * * LOW HITPOINT WARNING * * *
It was a potion of brilliance.
You feel clever all of a sudden. The liquid fire burns you!
You die...

############## #.....#
#.............
#.....###.############
#.....#...# #.
#$..).#.### #.
#.....#.# #. #...?.#.#
## #.....#.# #....h..#
#...##### #..# >.. .


There were no monsters in sight!

Vanquished Creatures
  A bombardier beetle (D:3)
  3 gnolls
  An adder (D:2)
  2 worms (D:2)
  2 ball pythons (D:1)
  2 endoplasms (D:1)
  A giant cockroach (D:2)
  5 goblins
  5 hobgoblins
  4 jackals (D:1)
  4 quokkas
  4 bats
  2 frilled lizards (D:1)
  3 kobolds
  6 rats
45 creatures vanquished.

Notes
Turn   | Place    | Note
-------+----------+-------------------------------------------
     0 | D:1      | MisterFreud the Draconian Shapeshifter began the quest for
                  | the Orb.
     0 | D:1      | Reached XP level 1. HP: 16/16 MP: 1/1
   100 | D:1      | Reached skill level 2 in Fighting
   178 | D:1      | Reached XP level 2. HP: 25/25 MP: 2/2
   306 | D:1      | Found a faded altar of an unknown god.
   319 | D:1      | Reached skill level 3 in Fighting
   331 | D:1      | Got Plato's Information on the Band
   967 | D:2      | Reached XP level 3. HP: 28/31 MP: 3/3
  1078 | D:1      | Reached skill level 4 in Fighting
  1154 | D:2      | Reached XP level 4. HP: 37/40 MP: 4/4
  1286 | D:2      | Found an iron altar of Okawaru.
  1665 | D:3      | Incinerated by a bombardier beetle

Illustrated notes

Levels and vault maps discovered:
D:1:      eino_arrival_cavern_b, layout_loops_ring,
          shapermc_ecumenical_altar_rom_forum
D:2:      layout_loops_cross, basic_altar
D:3:      layout_basic

Skill      XL: |  1  2  3 |
---------------+----------+-----
Fighting       | 2 3 4 |  4.0
Dodging        | |  1.7
Unarmed Combat | |  3.8
Shapeshifting  | |  3.4

Action                     |  1- 3 |  4- 6 || total
---------------------------+-------+-------++-------
  Melee: Unarmed           |    89 |    35 ||   124
         Tailslap          |     9 |     3 ||    12
         Punch             |     1 |     2 ||     3
    Use: Scroll            |     1 |     4 ||     5
         Potion            |       |     1 ||     1
   Stab: Sleeping          |     1 |       ||     1
 Armour: Skin              |    48 |    12 ||    60
  Dodge: Dodged            |    61 |    16 ||    77

Table legend: (Time is in decaauts)
 A = Elapsed time spent in this place.
 B = Non-inter-level travel time spent in this place.
 C = Inter-level travel time spent in this place.
 D = Time resting spent in this place.
 E = Time spent auto-exploring this place.
 F = Levels seen in this place.
 G = Mean time per level.
                   A        B        C        D        E       F      G
               +--------+--------+--------+--------+--------+-----+--------+
         Total |   1663 |   1630 |     33 |     48 |   1279 |   3 |  554.3 |
       Dungeon |   1663 |   1630 |     33 |     48 |   1279 |   3 |  554.3 |
               +--------+--------+--------+--------+--------+-----+--------+

Top non-repeatable levels by time:
     D:1: 955 daAuts
     D:2: 660 daAuts
     D:3: 46 daAuts
